Map: Galactic Process LE

Players

SortOf - Winner!

  • Race: Zerg Zerg
  • League: Master

LiquidTLO (TLO)

  • Race: Zerg Zerg
  • League: Master

Event: DreamHack ZOWIE Open Valencia 2016

VOD

Have the link to the VOD?

Description

Time

  • Played on: July 16, 2016, 5:10 a.m.
  • Length: 8:24

All games in this series

Show
View Real Time Build Order
Export as new Build Order

SortOf Zerg - Winner!

Build Orders: Pool First, Zergling Baneling 

Get SALT Encoding   

  12  0:00  Drone  
  13  0:15  Extractor  
  12  0:25  Spawning Pool  
  11  0:29  Drone  
  11  0:33  Drone  
  13  0:38  Drone  
  14  0:49  Overlord  
  14  1:12  Zergling x4  
  14  1:14  Queen  
  18  1:23  Metabolic Boost  
  18  1:36  Baneling Nest  
  17  1:41  Zergling x2  
  17  1:46  Zergling x2  
  19  1:53  Zergling x2  
  20  2:04  Zergling x4  
  22  2:15  Overlord  
  22  2:20  Baneling x4  
  22  2:33  Zergling x6  
  25  2:39  Zergling x2  
  26  2:48  Zergling x2  
  27  2:56  Zergling x6  
  28  3:04  Zergling x2  
  28  3:12  Baneling x3  
  27  3:13  Zergling x2  
  28  3:20  Baneling x2  
  28  3:25  Drone  
  27  3:41  Baneling  
  27  3:45  Drone x2  
  27  3:46  Overlord  
  28  3:51  Drone  
  28  3:53  Baneling  
  29  4:02  Drone  
  29  4:15  Baneling x2  
  28  4:18  Drone  
  29  4:27  Hatchery  
  28  4:31  Baneling  
  28  4:32  Baneling  
  28  4:38  Drone  
  29  4:40  Drone  
  30  4:51  Zergling x2  
  30  4:52  Zergling x6  
  33  4:57  Zergling x2  
  33  5:02  Baneling  
  33  5:03  Baneling  
  33  5:04  Zergling x2  
  34  5:08  Overlord  
  33  5:24  Drone  
  33  5:25  Drone x2  
  33  5:27  Queen  
  38  5:33  Drone  
  34  5:40  Drone x2  
  32  5:51  Zergling x4  
  32  5:52  Zergling x2  
  32  5:53  Zergling x2  
  34  5:57  Zergling x2  
  34  6:02  Drone  
  36  6:06  Roach Warren  
  35  6:15  Overlord  
  35  6:23  Baneling x2  
  33  6:36  Overlord  
  33  6:49  Roach x9  
  33  6:53  Overlord  
  51  7:01  Roach x2  
  54  7:02  Zergling x4  
  56  7:14  Zergling x4  
  54  7:20  Baneling x3  
  54  7:22  Zergling x2  
  55  7:26  Zergling x4  
  55  7:28  Zergling x2  
  58  7:31  Zergling x2  
  58  7:35  Zergling x2  
  59  7:39  Baneling x2  
  59  7:46  Zergling x6  
  59  7:47  Zergling x2  
  59  7:50  Baneling  
  63  7:55  Zergling x2  
  63  7:57  Baneling  
  63  8:03  Zergling x2  
  63  8:04  Baneling  
  63  8:06  Zergling x2  
Show
View Real Time Build Order
Export as new Build Order

LiquidTLO Zerg 

Build Orders: Hatch First 

Get SALT Encoding   

  12  0:01  Drone  
  13  0:12  Overlord  
  13  0:17  Drone  
  14  0:30  Drone  
  14  0:31  Drone  
  16  0:49  Hatchery  
  15  0:52  Drone  
  16  1:07  Spawning Pool  
  16  1:10  Drone  
  16  1:13  Drone  
  16  1:18  Drone  
  18  1:19  Extractor  
  18  1:23  Drone  
  18  1:33  Drone  
  19  1:42  Overlord  
  19  1:54  Queen  
  19  2:01  Queen  
  23  2:02  Drone x2  
  23  2:04  Drone  
  26  2:13  Drone  
  26  2:15  Drone  
  28  2:23  Overlord  
  28  2:25  Drone  
  29  2:32  Spine Crawler  
  29  2:35  Zergling x2  
  29  2:36  Zergling x2  
  30  2:41  Baneling Nest  
  30  2:44  Zergling x2  
  30  2:48  Zergling x2  
  31  2:55  Zergling x2  
  31  2:58  Zergling x2  
  21  3:06  Zergling x2  
  21  3:09  Zergling x2  
  22  3:17  Zergling x2  
  23  3:21  Queen  
  23  3:24  Baneling x2  
  23  3:25  Zergling x2, Baneling  
  26  3:27  Zergling x2  
  26  3:32  Zergling x2  
  25  3:41  Zergling x2  
  26  3:57  Queen  
  26  3:58  Metabolic Boost  
  26  4:01  Drone  
  29  4:04  Drone  
  30  4:14  Zergling x2  
  29  4:24  Overlord  
  29  4:28  Evolution Chamber  
  29  4:31  Zergling x6  
  30  4:38  Zergling x2  
  30  4:52  Hatchery  
  27  5:01  Pneumatized Carapace  
  27  5:03  Drone  
  27  5:05  Drone  
  29  5:09  Drone  
  30  5:16  Drone  
  30  5:20  Zergling x2  
  32  5:25  Zergling x2  
  32  5:28  Zergling x2, Baneling  
  33  5:39  Zergling x2  
  28  5:43  Queen  
  28  5:46  Zergling x2  
  30  5:50  Zergling x2  
  30  5:51  Zergling x2  
  30  5:52  Zergling x2  
  31  5:59  Baneling x3  
  31  6:03  Drone  
  32  6:04  Drone  
  32  6:11  Zerg Melee Weapons Level 1  
  33  6:20  Zergling x4  
  33  6:25  Zergling x2  
  36  6:26  Zergling x2  
  36  6:28  Zergling x2  
  36  6:29  Zergling x4  
  40  6:35  Baneling x2  
  40  6:36  Baneling  
  39  6:41  Baneling  
  39  6:42  Zergling x2  
  39  6:45  Drone  
  39  6:46  Drone  
  41  6:47  Drone  
  41  6:51  Drone  
  41  6:53  Drone  
  42  6:55  Drone  
  42  6:56  Drone  
  42  7:01  Zergling x2  
  44  7:05  Zergling x2  
  44  7:08  Zergling x4  
  44  7:16  Zergling x2  
  44  7:17  Roach Warren  
  44  7:18  Zergling x2  
  45  7:24  Zergling x2, Spine Crawler  
  45  7:29  Zergling x4, Extractor  
  45  7:32  Overlord  
  45  7:38  Overlord  
  45  7:42  Overlord  
  45  7:45  Overlord  
  45  7:49  Overlord  

Tags
 
Add a new tag
Caveats
  • Supply blocks, unpowered buildings, or Contaminate may cause inaccurate times.
  • Supply counts are checked every 10 seconds.